 Dungeon Crawl Stone Soup version 0.31-a0-150-g89dc3ad700 (webtiles) character file.

Game seed: 12319911541659630723

3622 qw the Skirmisher (level 9, -4/79 HPs)
             Began as a Minotaur Hunter on June 8, 2023.
             Was a Believer of Okawaru.
             Killed by vampiric draining
             ... invoked by a vampire
              (15 damage)
             ... on level 8 of the Dungeon.
             The game lasted 00:02:32 (6603 turns).

qw the Skirmisher (Minotaur Hunter)                 Turns: 6603, Time: 00:02:32

Health: -4/79      AC:  7    Str: 16    XL:     9   Next: 87%
Magic:  11/11      EV: 20    Int:  6    God:    Okawaru [**....]
Gold:   319        SH:  0    Dex: 18    Spells: 8/8 levels left

rFire   . . .        b - +1 orcbow
rCold   . . .        (shield currently unavailable)
rNeg    . . .        p - +0 troll leather armour
rPois   .            (helmet restricted)
rElec   .            (no cloak)
rCorr   .            (no gloves)
SInv    .            c - +2 pair of boots
Will    +....        (no amulet)
Stlth   ++           m - +5 ring of evasion
HPRegen 1.13/turn    o - ring of willpower
MPRegen 0.12/turn

%: no passive effects
@: no status effects
A: horns 2, retaliatory headbutt
a: Renounce Religion, Heroism


You were on level 8 of the Dungeon.
You worshipped Okawaru.
Okawaru was pleased with you.
You visited 1 branch of the dungeon, and saw 8 of its levels.

You collected 319 gold pieces.


Innate Abilities, Weirdness & Mutations

You have a pair of horns on your head.
You reflexively headbutt those who attack you in melee.


   Skills:
 - Level 7.6 Fighting
 + Level 11.8 Ranged Weapons
 - Level 4.0 Armour
 - Level 6.6 Dodging
 - Level 0.7 Stealth
 - Level 4.0 Invocations


You had 8 spell levels left.
You didn't know any spells.
Your spell library was empty.

Inventory:

Hand Weapons
 b - a +1 orcbow (weapon)
Armour
 c - a +2 pair of boots (worn)
 p - a +0 troll leather armour (worn)
Jewellery
 m - a +5 ring of evasion (left hand)
 o - a ring of willpower (right hand)
 q - a ring of ice
Wands
 i - a wand of digging (9)
Scrolls
 a - a scroll of identify
 d - a scroll of vulnerability {unknown}
 n - 2 scrolls of teleportation
Potions
 e - a potion of lignification {unknown}
 f - 2 potions of curing
 g - 5 potions of cancellation
 j - a potion of resistance
 k - a potion of might {unknown}
 l - a potion of magic

Dungeon Overview and Level Annotations

Branches:
Dungeon (8/15)             Temple (0/1) D:4
   Lair: D:8-11

Altars:
Ashenzari
Gozag
Kikubaaqudgha
Nemelex Xobeh
Okawaru
Qazlal
Sif Muna
Wu Jian
Xom
Yredelemnul


Message History

Deactivating autopickup; reactivate with Ctrl-A.
You shoot an arrow. You shoot an arrow. You shoot an arrow. You shoot an arrow.
Something barely misses you. x2
You shoot an arrow. Something hits you. Something bites you.
Something draws strength from your injuries!
You shoot an arrow. Something closely misses you. Something bites you!
Something draws strength from your injuries!
You shoot an arrow. Something hits you! Something closely misses you.
You shoot an arrow. Something hits you but does no damage.
Something bites you but does no damage.
You shoot an arrow. Something hits you. Something bites you.
Something draws strength from your injuries!
You shoot an arrow. Something hits you! Something bites you but does no damage.
You shoot an arrow. Something closely misses you.
Something bites you but does no damage.
You shoot an arrow. You shoot an arrow. Something hits you but does no damage.
Something bites you!
Something draws strength from your injuries!
You shoot an arrow. Something hits you! Something barely misses you.
You shoot an arrow. Something hits you! Something bites you but does no damage.
You shoot an arrow. Something draws life force from you!
You shoot an arrow. Something closely misses you. Something barely misses you.
You shoot an arrow. Something barely misses you. Something closely misses you.
You shoot an arrow. Something draws life force from you!
You die...

#.#.......##.#..#....#
..#######.##.#.##.##.#
## #....#....##.#
#.#..#######.# ###...
#.# ##.# #.# #. #.#
#.# #...###{# #.#
##......@# #.#
.....###.# #.#
.........# ####.#
....##..# #....# .#
##..## #.####
...###..######.#
...............#
#.#.####.####### ..
#.#


There were no monsters in sight!

Vanquished Creatures
  A two-headed ogre (D:8)
  A troll (D:7)
  3 yaks (D:7)
  Edmund (D:5)
  A water moccasin (D:7)
  An ice beast (D:5)
  2 black bears
  2 sky beasts
  2 centaurs
  2 phantoms (D:5)
  A kobold brigand (D:7)
  2 bullfrogs
  A gnoll sergeant (D:5)
  A scorpion (D:5)
  A water moccasin zombie (D:5)
  3 wights (D:7)
  An oklob sapling (D:4)
  A howler monkey (D:6)
  2 bullfrog zombies (D:5)
  An orc priest (D:7)
  3 jellies
  A bullfrog skeleton (D:5)
  A gnoll bouda (D:7)
  4 hounds
  A centaur skeleton (D:5)
  Terence (D:2)
  Jessica (D:2)
  Natasha (D:2)
  2 orc wizards
  A hound skeleton (D:5)
  A howler monkey zombie (D:5)
  10 gnolls
  2 howler monkey skeletons (D:5)
  4 adders
  2 shadow imps
  A white imp (D:8)
  An ufetubus (D:4)
  An adder zombie (D:5)
  An adder skeleton (D:5)
  A worm (D:4)
  6 orcs
  8 endoplasms
  4 giant cockroaches
  5 goblins
  6 hobgoblins
  5 quokkas (D:1)
  7 ball pythons
  5 bats
  2 frilled lizards
  12 kobolds
  6 rats
136 creatures vanquished.

Notes
Turn   | Place    | Note
-------+----------+-------------------------------------------
     0 | D:1      | qw the Minotaur Hunter began the quest for the Orb.
     0 | D:1      | Reached XP level 1. HP: 18/18 MP: 0/0
     0 | D:1      | 0 ||| qw: Version: 0.2-a-120-gdf1a93b
     0 | D:1      | 0 ||| qw: Game counter: 2981
     0 | D:1      | 0 ||| qw: Always use a shield: true
     0 | D:1      | 0 ||| qw: God list: Okawaru
     0 | D:1      | 0 ||| qw: Allow faded altars: false
     0 | D:1      | 0 ||| qw: Do Orc after D:15 true
     0 | D:1      | 0 ||| qw: Do second Lair branch before Depths: true
     0 | D:1      | 0 ||| qw: Lair rune preference: random
     0 | D:1      | 0 ||| qw: Plans: Normal
     0 | D:1      | 0 ||| PLANNING D:1-11
   157 | D:1      | Reached XP level 2. HP: 25/25 MP: 1/1
   191 | D:1      | Reached skill level 5 in Ranged Weapons
   299 | D:1      | Reached skill level 3 in Fighting
   701 | D:1      | 701 ||| UPGRADING to +0 ring mail.
   711 | D:1      | 711 ||| DROPPING +0 leather armour.
   712 | D:1      | 712 ||| DRINKING 2 fuming brown potions.
   713 | D:1      | 713 ||| DROPPING scroll of butterflies.
   749 | D:2      | Identified the +1 robe of Cheibriados's Approval {Int+2}
   780 | D:2      | Found a broken altar of Ashenzari.
   806 | D:2      | Noticed Terence
   809 | D:2      | Killed Terence
   810 | D:2      | Reached XP level 3. HP: 24/31 MP: 2/2
  1110 | D:2      | Noticed Jessica
  1120 | D:2      | Killed Jessica
  1121 | D:2      | Reached XP level 4. HP: 38/38 MP: 3/3
  1140 | D:2      | Noticed Natasha
  1152 | D:2      | Killed Natasha
  1153 | D:2      | Reached skill level 6 in Ranged Weapons
  1444 | D:2      | 1444 ||| DROPPING +1 robe of Cheibriados's Approval
                  | {Int+2}.
  1445 | D:2      | 1445 ||| READING scroll labelled DABLUO ELOKURI.
  1446 | D:2      | 1446 ||| READING scroll labelled LAUWKAWKAM.
  1447 | D:2      | 1447 ||| READING scroll labelled BUNOXAJUFE.
  1448 | D:2      | 1448 ||| READING scroll labelled MUIREEDDAIF.
  1449 | D:2      | 1449 ||| READING scroll labelled WEDWEO CEVOSA.
  1623 | D:3      | Reached XP level 5. HP: 46/46 MP: 4/4
  1838 | D:3      | Found a faded altar of an unknown god.
  2036 | D:3      | 2036 ||| DROPPING ring of magical power.
  2037 | D:3      | 2037 ||| READING 2 scrolls labelled EKKEFUM TE UFFIFO.
  2038 | D:3      | 2038 ||| READING scroll labelled LOTINAJERCH.
  2115 | D:4      | Found an ancient bone altar of Kikubaaqudgha.
  2120 | D:4      | Found a stormy altar of Qazlal.
  2124 | D:4      | Found a shimmering altar of Xom.
  2125 | D:4      | Found an opulent altar of Gozag.
  2125 | D:4      | Found an iron altar of Okawaru.
  2125 | D:4      | Found a basalt altar of Yredelemnul.
  2125 | D:4      | Found a broken altar of Ashenzari.
  2126 | D:4      | 2126 ||| PLANNING OKAWARU WORSHIP
  2126 | D:4      | 2126 ||| DRINKING 2 emerald potions.
  2127 | D:4      | 2127 ||| DROPPING potion of degeneration.
  2129 | D:4      | Found a shimmering blue altar of Sif Muna.
  2131 | D:4      | Found an ornate altar of the Wu Jian Council.
  2132 | D:4      | Found a sparkling altar of Nemelex Xobeh.
  2135 | D:4      | Became a worshipper of Warmaster Okawaru
  2135 | D:4      | 2135 ||| PLANNING D:1-11
  2168 | D:4      | Found a staircase to the Ecumenical Temple.
  2169 | D:4      | 2169 ||| UPGRADING to +0 pair of boots.
  2174 | D:4      | 2174 ||| READING scroll labelled CIJUUL YPSOVOUG.
  2175 | D:4      | You fall into a shaft and drop 3 floors!
  2256 | D:6      | 2256 ||| READING scroll of enchant armour.
  2256 | D:6      | 2256 ||| ENCHANTING +0 pair of boots.
  2269 | D:6      | Noticed a black bear
  2281 | D:6      | Killed a black bear
  2349 | D:6      | Reached skill level 7 in Ranged Weapons
  2349 | D:6      | Reached XP level 6. HP: 52/52 MP: 5/5
  2364 | D:6      | Noticed Edmund
  2365 | D:6      | 2365 ||| FLEEEEING.
  2366 | D:6      | 2366 ||| FLEEEEING.
  2368 | D:6      | 2368 ||| STAIRDANCE
  2369 | D:5      | Entered Level 5 of the Dungeon
  2387 | D:5      | Killed Edmund
  2388 | D:5      | Reached skill level 8 in Ranged Weapons
  2578 | D:5      | Reached * piety under Okawaru
  2579 | D:5      | Reached XP level 7. HP: 61/61 MP: 6/6
  2590 | D:5      | Reached skill level 1 in Invocations
  2736 | D:5      | 2736 ||| INVOKING Heroism.
  2880 | D:5      | 2880 ||| DRINKING 2 fuming puce potions.
  2994 | D:4      | 2994 ||| INVOKING Heroism.
  2995 | D:4      | 2995 ||| READING scroll labelled UNYQOEZX CIAW.
  2996 | D:4      | 2996 ||| READING scroll labelled OKAYRA JEPS.
  2997 | D:4      | 2997 ||| DRINKING 2 pink potions.
  2998 | D:4      | 2998 ||| DROPPING potion of attraction.
  3007 | D:4      | 3007 ||| INVOKING Heroism.
  3057 | D:4      | Identified the +0 leather armour "Boasuor" {rF- Str+6
                  | Int+4}
  3593 | D:4      | 3593 ||| UPGRADING to +5 ring of evasion.
  3594 | D:4      | 3594 ||| READING scroll labelled YCLO KUETTOA.
  3595 | D:4      | 3595 ||| READING scroll labelled AGEHIKA AGOQ.
  3599 | D:4      | 3599 ||| READING 2 scrolls of identify.
  3599 | D:4      | 3599 ||| IDENTIFYING fizzy red potion
  3600 | D:4      | 3600 ||| DROPPING potion of berserk rage.
  3634 | D:5      | 3634 ||| READING scroll of enchant weapon.
  3634 | D:5      | 3634 ||| ENCHANTING +1 shortbow of draining.
  3779 | D:5      | Reached skill level 9 in Ranged Weapons
  3851 | D:5      | Reached XP level 8. HP: 50/68 MP: 7/9
  3853 | D:5      | 3853 ||| INVOKING Heroism.
  3857 | D:5      | Reached skill level 3 in Dodging
  3860 | D:5      | Reached skill level 3 in Invocations
  4027 | D:5      | Reached skill level 6 in Fighting
  4236 | D:5      | 4236 ||| INVOKING Heroism.
  4403 | D:5      | 4403 ||| DROPPING ring of wizardry.
  4445 | D:6      | 4445 ||| Stepping ~*~*~tactically~*~*~ (outnumbered).
  4498 | D:6      | 4498 ||| SWAPPING to +0 orcbow.
  4503 | D:6      | 4503 ||| DROPPING +2 shortbow of draining.
  4540 | D:6      | 4540 ||| READING scroll of enchant weapon.
  4540 | D:6      | 4540 ||| ENCHANTING +0 orcbow.
  4924 | D:6      | Reached skill level 10 in Ranged Weapons
  5056 | D:6      | 5056 ||| DRINKING 2 viscous ruby potions.
  5057 | D:6      | 5057 ||| DRINKING 2 fuming ruby potions.
  5058 | D:6      | 5058 ||| DROPPING potion of enlightenment.
  5226 | D:7      | Noticed a troll
  5227 | D:7      | 5227 ||| INVOKING Heroism.
  5240 | D:7      | Killed a troll
  5396 | D:7      | Reached XP level 9. HP: 75/79 MP: 11/11
  5416 | D:7      | 5416 ||| INVOKING Heroism.
  5417 | D:7      | 5417 ||| Stepping ~*~*~tactically~*~*~ (outnumbered).
  5505 | D:7      | 5505 ||| Stepping ~*~*~tactically~*~*~ (outnumbered).
  5507 | D:7      | 5507 ||| Stepping ~*~*~tactically~*~*~ (outnumbered).
  5509 | D:7      | 5509 ||| Stepping ~*~*~tactically~*~*~ (outnumbered).
  5512 | D:7      | 5512 ||| INVOKING Heroism.
  5659 | D:7      | 5659 ||| Stepping ~*~*~tactically~*~*~ (outnumbered).
  5661 | D:7      | 5661 ||| Stepping ~*~*~tactically~*~*~ (outnumbered).
  5663 | D:7      | 5663 ||| Stepping ~*~*~tactically~*~*~ (outnumbered).
  5779 | D:7      | 5779 ||| INVOKING Heroism.
  5901 | D:7      | 5901 ||| INVOKING Heroism.
  5902 | D:7      | 5902 ||| Stepping ~*~*~tactically~*~*~ (outnumbered).
  5914 | D:7      | Reached skill level 11 in Ranged Weapons
  6078 | D:7      | 6078 ||| INVOKING Heroism.
  6375 | D:7      | 6375 ||| DROPPING +0 leather armour "Boasuor" {rF- Str+6
                  | Int+4}.
  6376 | D:7      | 6376 ||| UPGRADING to +0 troll leather armour.
  6386 | D:7      | 6386 ||| DROPPING +0 ring mail.
  6387 | D:7      | 6387 ||| UPGRADING to ring of willpower.
  6388 | D:7      | 6388 ||| DRINKING 3 fuming green potions.
  6389 | D:7      | 6389 ||| READING 2 scrolls of identify.
  6389 | D:7      | 6389 ||| IDENTIFYING sapphire potion
  6390 | D:7      | 6390 ||| DROPPING 2 potions of brilliance.
  6409 | D:8      | Noticed a two-headed ogre
  6410 | D:8      | 6410 ||| INVOKING Heroism.
  6424 | D:8      | Killed a two-headed ogre
  6425 | D:8      | Reached skill level 6 in Dodging
  6430 | D:8      | 6430 ||| STAIRDANCE
  6469 | D:8      | Reached ** piety under Okawaru
  6477 | D:8      | 6477 ||| READING scroll of enchant armour.
  6477 | D:8      | 6477 ||| ENCHANTING +1 pair of boots.
  6600 | D:8      | HP: 8/79 [something (13)]
  6603 | D:8      | Killed from afar by a vampire

Levels and vault maps discovered:
D:1:      lightli_iron_boxes, layout_loops_ring, serial_park_tiny_2,
          minmay_hedge_maze, minmay_misc_feat_more_columns
D:2:      layout_basic, basic_altar, minivault_27, moated_statue, uniq_terence,
          uniq_jessica, uniq_natasha
D:3:      layout_rooms, serial_aquarium, aquarium_bridge_straight
          [aquarium_subvault_bridge, aquarium_subvault_wall,
          aquarium_subvault_bridge, aquarium_subvault_window],
          aquarium_bridge_straight [aquarium_subvault_bridge,
          aquarium_subvault_wall, aquarium_subvault_bridge,
          aquarium_subvault_wall], aquarium_window_fake, aquarium_window_1,
          aquarium_window_corner, aquarium_view_2d, aquarium_view_2d,
          aquarium_balcony_5b, hellmonk_ecumenical_altar_lost_god
D:4:      layout_cave_pods, minitemple, minmay_temple_entry_oklob,
          chequers_decorated_corner
D:5:      layout_basic, serial_undead, serial_undead_d, serial_undead_b,
          serial_undead_c, serial_undead_d
D:6:      layout_basic, uniq_edmund
D:7:      layout_basic
D:8:      layout_basic

Skill      XL: |  1  2  3  4  5  6  7  8  9 |
---------------+----------------------------+-----
Ranged Weapons | 5 6 7 8 9 10 11 | 11.8
Fighting       | 3 4 5 7 |  7.6
Armour         | 2 4 |  4.0
Invocations    | 2 4 |  4.0
Dodging        | 3 6 |  6.6
Stealth        | |  0.7

Action                     |  1- 3 |  4- 6 |  7- 9 || total
---------------------------+-------+-------+-------++-------
   Fire: Shortbow          |   102 |   104 |   169 ||   375
         Orcbow            |       |       |   177 ||   177
 Invoke: Heroism           |       |       |    12 ||    12
    Use: Potion            |     1 |     1 |     5 ||     7
         Scroll            |       |     9 |     9 ||    18
 Armour: Leather armour    |     9 |       |       ||     9
         Ring mail         |       |    29 |    44 ||    73
         Troll leather arm |       |       |     6 ||     6
  Dodge: Dodged            |    31 |    39 |   170 ||   240

Table legend:
 A = Non-vault XP
 B = Vault XP
 C = Vault XP percentage of total XP
 D = Non-vault monster count
 E = Vault monster count
 F = Vault count percentage of total count
                 A         B        C        D         E       F
            +---------+---------+-------+---------+---------+-------
      Total |    4407 |     768 |  14.8 |     119 |      17 |  12.5
            +---------+---------+-------+---------+---------+-------
        D:1 |      35 |       0 |   0.0 |      22 |       0 |   0.0
        D:2 |      26 |     110 |  80.9 |      15 |       3 |  16.7
        D:3 |      57 |       0 |   0.0 |      11 |       0 |   0.0
        D:4 |      39 |      62 |  61.4 |      10 |       1 |   9.1
        D:5 |     811 |     596 |  42.4 |      20 |      13 |  39.4
        D:6 |     512 |       0 |   0.0 |      10 |       0 |   0.0
        D:7 |    1979 |       0 |   0.0 |      28 |       0 |   0.0
        D:8 |     948 |       0 |   0.0 |       3 |       0 |   0.0
            +---------+---------+-------+---------+---------+-------
